 Dungeon Crawl Stone Soup version 0.27.1-34-g3ba077fa99 (webtiles) character file.

Game seed: 11380549836783751831

105 Destapler the Sneak (level 4, -1/34 HPs)
             Began as a Vampire Brigand on Jan 17, 2022.
             Was a Follower of Kikubaaqudgha.
             Slain by an iguana (3 damage)
             ... on level 2 of the Dungeon.
             The game lasted 00:06:38 (1484 turns).

Destapler the Sneak (Vampire Brigand)               Turns: 1484, Time: 00:06:39

Health: -1/34      AC:  6    Str: 10    XL:     4   Next: 53%
Magic:  4/4        EV: 13    Int: 13    God:    Kikubaaqudgha [*.....]
Gold:   93         SH:  0    Dex: 22    Spells: 3/3 levels left

rFire    . . .     SeeInvis +   a - +2 dagger
rCold    . . .     Faith    .   (no shield)
rNeg     . . .     Spirit   .   b - +0 robe
rPois    .         Reflect  .   (no helmet)
rElec    .         Harm     .   c - +0 cloak
rCorr    .         Rampage  .   q - +2 pair of gloves
Will     .....                  (no boots)
Stlth    +++.......             (no amulet)
HPRegen  0.31/turn              g - +6 ring of dexterity
MPRegen  0.09/turn              (no ring)

@: silenced, healing quickly
A: alive, fangs 3, see invisible, vampiric 2
a: Exsanguinate, Renounce Religion


You were on level 2 of the Dungeon.
You worshipped Kikubaaqudgha.
Kikubaaqudgha was aware of your devotion.
You visited 1 branch of the dungeon, and saw 3 of its levels.

You collected 93 gold pieces.

Inventory:

Hand Weapons
 a - a +2 dagger (weapon)
Missiles
 d - 8 poisoned darts (quivered)
 e - 2 curare-tipped darts
 i - 2 throwing nets
Armour
 b - a +0 robe (worn)
 c - a +0 cloak (worn)
 f - a +0 pair of gloves
 q - a +2 pair of gloves (worn)
Jewellery
 g - a +6 ring of dexterity (left hand)
 p - an amulet of magic regeneration
Scrolls
 j - a scroll of identify {unknown}
 l - a scroll of teleportation {unknown}
 m - 2 scrolls of noise {unknown}
 n - a scroll of enchant weapon {unknown}
 o - a scroll of amnesia {unknown}
Potions
 h - a potion of haste {unknown}


   Skills:
 + Level 2.7 Fighting
 + Level 3.2 Short Blades
 - Level 2.0 Throwing
 + Level 0.0 Armour
 + Level 2.8 Dodging
 - Level 6.0 Stealth
 + Level 0.0 Shields
 + Level 0.0 Spellcasting
 * Level 0.1 Necromancy


You had 3 spell levels left.
You didn't know any spells.
Your spell library contained the following spells:

 Spells                   Type           Power      Damage    Failure   Level
 Pain                     Necr           0%         1d4       30%         1
 Sublimation of Blood     Necr           0%         N/A       41%         2
 Corpse Rot               Necr/Air       N/A        N/A       43%         2
 Vampiric Draining        Necr           0%         2d6       65%         3
 Cause Fear               Hex            0%         N/A       97%         4
 Dragon Form              Tmut           0%         N/A       100%        7
 Dragon's Call            Summ           0%         N/A       100%        9


Dungeon Overview and Level Annotations

Branches:
Dungeon (3/15)

Altars:
Kikubaaqudgha


Innate Abilities, Weirdness & Mutations

Your natural rate of healing is accelerated.
You have razor-sharp teeth.
You have supernaturally acute eyesight. (SInv)
You are afflicted with vampirism and can become a bat while bloodless.


Message History

The iguana is heavily wounded.
The iguana misses you.
You hit the iguana but do no damage.
The iguana is heavily wounded.
The iguana bites you.
You closely miss the iguana.
The iguana is heavily wounded.
The iguana bites you!
* * * LOW HITPOINT WARNING * * *
You hit the iguana but do no damage.
The iguana is heavily wounded.
You hit the iguana.
The iguana is heavily wounded.
The iguana barely misses you.
You hit the iguana.
The iguana is almost dead.
The iguana bites you.
* * * LOW HITPOINT WARNING * * *
You hit the iguana but do no damage.
The iguana is almost dead.
The iguana misses you.
You barely miss the iguana.
The iguana is almost dead.
The iguana bites you!
* * * LOW HITPOINT WARNING * * *
You feel better. The iguana bites you!
* * * LOW HITPOINT WARNING * * *
You hit the iguana but do no damage. Your bite misses the iguana.
The iguana is almost dead.
The iguana barely misses you.
You closely miss the iguana.
The iguana is almost dead.
The iguana barely misses you.
You hit the iguana.
The iguana is almost dead.
You completely miss the iguana.
The iguana is almost dead.
The iguana bites you.
You die...
Kikubaaqudgha rasps: "You have failed me!
Welcome... death!"

#.################# #.#
#.#...............#######'####
#.#.#############.##.........#
#.#†# #.##.........# #.#.#
#.##.........## #.#.#
#.##.........#. #.#.#
#.##.........#. ###.#.#
####.##.........#. ....#.#
#@l............... .####.#
#######.........#. .# #.#
#......#####. .####.# #......#
#. ......# #......# ## #######
#####.## ############.#####
#.........##.#...#
#.........##.#.#.#


You could see an iguana.

Vanquished Creatures
  3 adders
  An adder skeleton (D:2)
  A worm (D:2)
  A dart slug (D:2)
  3 bats
  10 endoplasms
  2 giant cockroaches
  3 goblins
  6 hobgoblins
  5 jackals (D:2)
  5 quokkas
  8 ball pythons
  5 frilled lizards
  7 kobolds
  7 rats
67 creatures vanquished.

Notes
Turn   | Place    | Note
-------+----------+-------------------------------------------
     0 | D:1      | Destapler the Vampire Brigand began the quest for the Orb.
     0 | D:1      | Reached XP level 1. HP: 16/16 MP: 1/1
    21 | D:1      | Reached skill level 6 in Stealth
    58 | D:1      | Reached XP level 2. HP: 22/22 MP: 2/2
   328 | D:1      | Gained mutation: You are afflicted with vampirism and can
                  | become a bat while bloodless. [Vampire growth]
   328 | D:1      | Reached XP level 3. HP: 27/27 MP: 3/3
   652 | D:1      | Reached XP level 4. HP: 15/34 MP: 4/4
  1383 | D:3      | Found a faded altar of an unknown god.
  1393 | D:3      | Became a worshipper of Kikubaaqudgha
  1393 | D:3      | Reached * piety under Kikubaaqudgha
  1393 | D:3      | Received a gift from Kikubaaqudgha
  1479 | D:2      | HP: 1/34 [iguana (10)]
  1484 | D:2      | Slain by an iguana

Illustrated notes

Levels and vault maps discovered:
D:1:      dpeg_arrival_simpleton_c, layout_rooms, kennysheep_crisscross,
          ebering_dispersal_statue_hall, st_stairs_8
D:2:      layout_basic
D:3:      layout_loops_ring, nicolae_sif_muna_little_library,
          hellmonk_ecumenical_altar_run_dry, kennysheep_generic_room_14

Skill      XL: |  1  2  3 |
---------------+----------+-----
Stealth        | 6 |  6.0
Fighting       | 2 |  2.7
Throwing       | 2 |  2.0
Dodging        | 2 |  2.8
Short Blades   | 3 |  3.2
Necromancy     | |  0.1

Action                   |  1- 3 |  4- 6 || total
-------------------------+-------+-------++-------
Melee: Dagger            |   138 |    89 ||   227
       Bite              |    14 |     6 ||    20
Throw: Dart              |     4 |       ||     4
  Use: Potion            |       |     2 ||     2
       Scroll            |       |     1 ||     1
 Stab: Sleeping          |    10 |     2 ||    12
Armor: Robe              |    21 |    19 ||    40
Dodge: Dodged            |    71 |    51 ||   122
